 Dungeon Crawl Stone Soup version 0.20-a0-1126-g0f15420 (webtiles) character file.

165363 Lexie the Warrior (level 17, -4/127 HPs)
             Began as an Octopode Fire Elementalist on May 17, 2017.
             Was a High Priest of Vehumet.
             Killed by the air
             ... invoked by a wind drake
              (13 damage)
             ... on level 4 of the Shoals.
             The game lasted 02:05:03 (43972 turns).

Lexie the Warrior (Octopode Fire Elementalist)     Turns: 43972, Time: 02:05:04

Health: -4/127     AC:  7    Str: 13    XL:     17   Next: 87%
Magic:  6/42       EV: 11    Int: 33    God:    Vehumet [*****.]
Gold:   1312       SH:  0    Dex: 14    Spells: 6/39 levels left

rFire    + . .     SeeInvis .   B - +3 dagger (elec)
rCold    x . .     Gourm    .   f - +3 buckler
rNeg     . . .     Faith    .   U - +3 hat of Pondering {ponderous, MR+ MP+10 Int+5}
rPois    .         Spirit   .   X - amulet of magic regeneration
rElec    .         Reflect  .   d - +6 ring of strength
rCorr    .         Harm     .   x - +5 ring of intelligence
MR       ++...                  E - ring of fire
Stlth    ++++++....             J - ring of stealth
Regen    0.4/turn               (no ring)
MPRegen  0.5/turn               H - +3 ring of protection
                                (no ring)
                                (no ring)

@: about to teleport, very slightly contaminated, held, slow
A: almost no armour, stealthy swim, amphibious, 8 rings, constrict 8, camouflage
1, gelatinous body 1
a: Renounce Religion


You were on level 4 of the Shoals.
You worshipped Vehumet.
Vehumet was extremely pleased with you.
You were hungry.

You visited 5 branches of the dungeon, and saw 27 of its levels.

You collected 1673 gold pieces.
You spent 361 gold pieces at shops.

Inventory:

Hand Weapons
 B - a +3 dagger of electrocution (weapon)
 O - a +5 blowgun
Missiles
 P - 12 curare-tipped needles
Armour
 f - a +3 buckler (worn)
 U - the +3 hat of Pondering (worn) {ponderous, MR+ MP+10 Int+5}
   (You took it off Gastronok on level 2 of the Lair of Beasts)

   It affects your intelligence (+5).
   It affects your resistance to hostile enchantments.
   It affects your magic capacity (+10).
Magical Staves
 Y - an uncursed staff of air
Jewellery
 d - a +6 ring of strength (left tentacle)
 x - a +5 ring of intelligence (right tentacle)
 E - a ring of fire (on tentacle)
 H - a +3 ring of protection (on tentacle)
 J - a ring of stealth (on tentacle)
 X - an amulet of magic regeneration (around mantle)
Wands
 r - a wand of digging (24/24)
 v - a wand of digging (4/24)
 w - a wand of confusion (28/48)
 K - a wand of clouds (2/9)
Scrolls
 c - 9 scrolls of teleportation
 g - 5 scrolls of identify
 o - 4 scrolls of enchant weapon
 p - 9 scrolls of remove curse
 t - 3 scrolls of magic mapping
 u - 5 scrolls of fear
 y - 6 scrolls of enchant armour
 R - 3 scrolls of blinking
Potions
 e - 4 potions of agility
 i - 4 potions of cancellation
 k - a potion of flight
 m - a potion of brilliance
 n - 12 potions of curing
 q - 3 potions of ambrosia
 s - a potion of magic {unknown}
 z - a potion of berserk rage
 D - 2 potions of lignification
 F - 2 potions of mutation
 Q - 3 potions of haste
Books
 j - a book of Fire

   Spells                             Type                      Level
   a - Ignite Poison                  Fire/Transmutation/Poison    3
   b - Fireball                       Conjuration/Fire             5
   c - Bolt of Fire                   Conjuration/Fire             6
   d - Ring of Flames                 Charms/Fire                  7
   e - Ignition                       Fire                         8
Comestibles
 a - 4 chunks of flesh
 b - 18 bread rations
 h - 10 meat rations
 l - 4 royal jellies
 C - 21 fruits


   Skills:
 * Level 15.3 Fighting
 - Level 11.7 Dodging
 - Level 6.8 Stealth
 - Level 4.7 Shields
 - Level 11.9 Spellcasting
 + Level 12.5 Conjurations
 + Level 6.8 Charms
 + Level 10.1 Fire Magic
 - Level 9.0 Air Magic


You had 6 spell levels left.
You knew the following spells:

 Your Spells              Type           Power        Failure   Level  Hunger
a - Flame Tongue          Conj/Fire      #####        0%          1    None
b - Throw Flame           Conj/Fire      ######       1%          2    None
c - Conjure Flame         Conj/Fire      #######.     1%          3    None
d - Sticky Flame          Conj/Fire      #######.     1%          4    None
e - Fireball              Conj/Fire      #######...   1%          5    #......
f - Mephitic Cloud        Conj/Pois/Air  ######..     1%          3    None
g - Iskenderun's Battles  Conj/Chrm      ######..     1%          5    #......
h - Deflect Missiles      Chrm/Air       ######....   14%         6    ####...
i - Throw Icicle          Conj/Ice       ######..     1%          4    None


Dungeon Overview and Level Annotations

Branches:
Dungeon (15/15) Temple (1/1) D:7 Lair (6/6) D:8 Shoals (4/4) Lair:2 Snake (0/4) Lair:4 Slime (0/5) Lair:5 Orc (1/2) D:10 Vaults (0/5) D:13 D:14 Depths (0/5) D:15

Altars:
Ashenzari
Cheibriados
Dithmenos
Elyvilon
Fedhas
Gozag
Hepliaklqana
Kikubaaqudgha
Makhleb
Okawaru
Qazlal
Ru
Sif Muna
Trog
Uskayaw
Vehumet
Wu Jian
Xom
Yredelemnul
Zin
The Shining One
Jiyva

Shops:
D:9 :   D:12 =*   D:14 [   Shoals:1 (   Shoals:3 [

Annotations:
D:8 1 runed door
D:11 Josephine
D:13 1 exclusion
D:14 1 runed door, exclusion: door
Lair:6 Rupert
Shoals:4 Ilsuiw


Innate Abilities, Weirdness & Mutations

You cannot wear most types of armour.
You are very stealthy in the water. (Stealth+)
You are amphibious.
You can wear up to eight rings at the same time.
You can use your tentacles to constrict eight enemies at once.
Your skin changes colour to match your surroundings (Stealth+).
Your rubbery body absorbs attacks. (AC +1, EV +1)


Message History

Press: ? - help, Dir - move target cursor
As you read the scroll of blinking, it crumbles to dust.
A merfolk and a merfolk siren come into view.
Found a potion of mutation.
As you read the scroll of teleportation, it crumbles to dust.
You feel strangely unstable.
The merfolk siren shouts!
The merfolk shouts!
You block the merfolk siren's attack.
The merfolk throws a throwing net.
The throwing net hits you.
You become entangled in the net!
You hear a splash.
You see here a throwing net.
You struggle against the net.
The water nymph points at you and mumbles some strange words.
The water swirls and strikes you!
* * * LOW HITPOINT WARNING * * *
The merfolk siren hits you from afar with a trident!
* * * LOW HITPOINT WARNING * * *
The wind drake flaps its wings at you. The air twists around and strikes you!
You die...

,,,*,,,,≈≈≈≈≈≈≈≈≈≈≈≈≈,,≈≈≈≈≈≈≈≈≈≈
,,,,,,,,,.≈≈..≈≈≈≈≈....≈≈,,,,≈≈≈≈
,,,,,***,.≈≈...≈≈≈≈....≈≈≈,,,≈≈≈≈
≈≈≈,,***,≈≈...≈≈≈≈≈≈.....,,,≈≈≈≈≈
≈≈≈≈,,,,,≈≈.≈≈≈≈≈≈≈≈≈....,,,≈≈≈≈≈
,,,,,,,,,...≈≈≈≈≈≈≈≈≈....,,,,≈≈≈≈
,,,,,,,,,......≈≈≈≈≈≈....,,,,≈≈≈≈
,,,,,,,,,,#...≈≈≈≈≈≈.....,,,,,≈≈≈
..,,,,,,,,#...≈≈@≈m......,,,,,≈≈≈
..,,,,,,,.....≈≈≈≈≈......,,,,,,≈≈
..,,,,,,,.!..≈≈≈≈≈...####*≈*,,,≈≈
..,,*≈,≈≈.#...≈≈m....#####*#,,,≈≈
(..,******#.........#k..≈#≈##≈,≈≈
..#*,,≈≈*,##........#.m≈≈≈≈=#*,≈≈
..##,,,≈,,,##......≈##m#≈#≈.#*,≈≈
..≈#,,*,*,,*≈......###≈.).≈##*,≈≈
..≈#*≈,,,≈≈#.......#**.#.#.***,≈≈


You could see a wind drake, a merfolk, a merfolk siren and a water nymph.

Vanquished Creatures
  Gastronok (Lair:2)
  A storm dragon (D:14)
  Louise (D:15)
  A frost giant (D:14)
  11 merfolk impalers
  3 merfolk javelineers
  2 yaktaur captains (D:14)
  An ogre mage (D:15)
  Harold (Lair:1)
  A catoblepas (Lair:3)
  5 hydras
  Fannar (Lair:2)
  8 vault guards
  An alligator snapping turtle (Shoals:4)
  A merfolk aquamancer (Shoals:3)
  9 two-headed ogres
  4 centaur warriors
  4 death yaks
  A tengu warrior (D:14)
  Sonja (D:11)
  7 skeletal warriors
  An unseen horror (D:12)
  10 sea snakes
  A glowing orange brain (shapeshifter) (D:15)
  A wizard (D:14)
  6 harpies
  A necromancer (Lair:4)
  13 ugly things
  A lindwurm (shapeshifter) (D:15)
  An orc knight (D:14)
  2 deep elf magi
  An orb spider (shapeshifter) (D:15)
  5 manticores
  4 oklob plants
  6 fauns
  5 cyclopes
  7 merfolk sirens
  3 black mambas
  7 spiny frogs
  5 water nymphs
  9 komodo dragons
  2 gargoyles
  A kobold demonologist (D:11)
  A freezing wraith (D:15)
  An efreet (D:15)
  A harpy zombie (D:14)
  A tengu conjurer (D:14)
  6 trolls
  3 meliai
  7 wind drakes
  A jumping spider (shapeshifter) (D:13)
  2 hornets
  10 hippogriffs
  9 merfolk
  11 dream sheep
  6 snapping turtles
  17 slime creatures
  4 blink frogs (Lair:2)
  73 yaks
  A spriggan (D:7)
  2 wraiths
  Sigmund (D:2)
  3 wyverns
  2 vampires
  10 water elementals
  Grum (D:8)
  16 humans
  6 shadows
  A steam dragon (D:14)
  3 basilisks
  A soldier ant (D:13)
  2 acid dragons
  4 nagas (Lair:4)
  13 water moccasins
  3 porcupines
  10 orc warriors
  5 sky beasts
  An eye of draining (shapeshifter) (D:15)
  2 black bears
  An elephant zombie (Lair:4)
  An eye of draining (D:13)
  3 ice beasts
  3 necrophages
  5 boggarts (D:15)
  9 ogres
  4 phantoms
  11 wolves
  33 centaurs
  6 crocodiles
  An elf zombie (D:7)
  4 big kobolds
  6 bullfrogs
  2 gnoll sergeants
  A wyvern skeleton (D:14)
  A wyvern zombie (D:12)
  6 scorpions
  A water moccasin skeleton (D:10)
  4 killer bees (D:8)
  A howler monkey (D:10)
  An electric eel (Lair:4)
  6 crimson imps
  5 centaur zombies
  A quasit (D:10)
  13 jellies
  A basilisk zombie (Lair:4)
  7 hounds
  11 orc wizards
  6 centaur skeletons
  6 human zombies (D:7)
  5 orc priests
  A bullfrog skeleton (D:6)
  4 iguanas
  Terence (D:3)
  Natasha (thrice) (D:3)
  7 worker ants
  A crocodile zombie (Lair:4)
  A hound zombie (D:11)
  A hound skeleton (D:8)
  2 mummies (D:7)
  A worker ant zombie (D:7)
  2 howler monkey zombies
  7 gnolls
  9 adders
  5 shadow imps
  16 oozes
  3 adder skeletons
  2 dart slugs
  2 worms
  5 leopard geckos
  58 orcs
  3 ball pythons
  4 bats
  6 giant cockroaches
  10 goblins
  5 hobgoblins
  4 jackals
  6 quokkas
  3 frilled lizards
  23 kobolds
  2 orc zombies (D:7)
  6 rats
  A bush (Lair:2)
  3 fungi
  3 plants (Lair:5)
772 creatures vanquished.

Vanquished Creatures (others)
  A hobgoblin (D:2)
  A quokka (D:2)
  A bush (Lair:5)
  11 fungi
  15 plants
29 creatures vanquished.

Grand Total: 801 creatures vanquished

Notes
Turn   | Place    | Note
-------+----------+-------------------------------------------
     0 | D:1      | Lexie the Octopode Fire Elementalist began the quest for the Orb.
     0 | D:1      | Reached XP level 1. HP: 11/11 MP: 3/3
   300 | D:1      | Reached XP level 2. HP: 17/17 MP: 0/5
   778 | D:1      | Reached XP level 3. HP: 21/21 MP: 4/6
  1300 | D:2      | Noticed Sigmund
  1552 | D:1      | Learned a level 2 spell: Throw Flame
  1556 | D:1      | Learned a level 3 spell: Conjure Flame
  1666 | D:2      | Found a white marble altar of Elyvilon.
  1682 | D:2      | Reached skill level 1 in Shields
  1898 | D:3      | Noticed Terence
  1966 | D:4      | Noticed a scorpion
  1978 | D:4      | Killed a scorpion
  1978 | D:4      | Reached XP level 4. HP: 10/27 MP: 0/8
  2230 | D:4      | Reached XP level 5. HP: 31/31 MP: 4/9
  2548 | D:4      | Learned a level 4 spell: Sticky Flame
  3183 | D:4      | Reached XP level 6. HP: 36/36 MP: 9/11
  3444 | D:3      | Killed Terence
  3678 | D:3      | Noticed Natasha
  3685 | D:3      | Killed Natasha
  3768 | D:3      | Noticed Natasha
  3772 | D:3      | Killed Natasha
  4194 | D:3      | Noticed Natasha
  4199 | D:3      | Killed Natasha
  4822 | D:3      | Reached XP level 7. HP: 41/41 MP: 9/13
  4970 | D:2      | Killed Sigmund
  5471 | D:4      | Found an ornate altar of the Wu Jian Council.
  5632 | D:5      | Entered Level 5 of the Dungeon
  5647 | D:5      | Reached skill level 5 in Conjurations
  5845 | D:5      | Reached skill level 5 in Spellcasting
  5845 | D:5      | Reached XP level 8. HP: 38/46 MP: 8/15
  5935 | D:5      | You fall through a shaft for 2 floors!
  6634 | D:5      | You fall through a shaft for 2 floors!
  6634 | D:7      | Found a burning altar of Makhleb.
  6954 | D:6      | Found a snail-covered altar of Cheibriados.
  7108 | D:6      | Reached skill level 5 in Fire Magic
  7502 | D:7      | Found an ancient bone altar of Kikubaaqudgha.
  7725 | D:7      | Found a hide-covered altar of Uskayaw.
  7728 | D:7      | Noticed a dagger
  7729 | D:7      | Noticed a dagger
  7842 | D:7      | Reached XP level 9. HP: 8/51 MP: 2/18
  8356 | D:7      | Found a staircase to the Ecumenical Temple.
  8416 | Temple   | Entered the Ecumenical Temple
  8638 | Temple   | Became a worshipper of Vehumet
  9565 | D:7      | Reached skill level 1 in Fighting
 10007 | D:8      | Reached skill level 2 in Fighting
 10008 | D:8      | Noticed Grum
 10339 | D:7      | Learned a level 5 spell: Fireball
 10565 | D:8      | Reached skill level 3 in Fighting
 10804 | D:8      | Reached * piety under Vehumet
 10804 | D:8      | Offered knowledge of Sandblast by Vehumet.
 10804 | D:8      | Reached XP level 10. HP: 63/63 MP: 15/21
 10842 | D:8      | Found a basalt altar of Yredelemnul.
 11004 | D:8      | Found a runed door.
 11046 | D:8      | Noticed a sixfirhy
 11080 | D:8      | Found a stormy altar of Qazlal.
 11148 | D:8      | Killed Grum
 11512 | D:8      | Reached skill level 4 in Fighting
 11693 | D:8      | Found a staircase to the Lair.
 12039 | D:8      | Reached skill level 5 in Dodging
 12202 | D:9      | Found Wadukag's Book Boutique.
 12357 | D:9      | Found a blossoming altar of Fedhas.
 12788 | D:9      | Reached skill level 5 in Fighting
 13209 | D:9      | Found a sacrificial altar of Ru.
 13247 | D:9      | Found a shadowy altar of Dithmenos.
 13571 | D:10     | Entered Level 10 of the Dungeon
 13883 | D:10     | Reached ** piety under Vehumet
 14000 | D:10     | Offered knowledge of Freeze by Vehumet.
 14172 | D:10     | Found a staircase to the Orcish Mines.
 14315 | D:10     | Reached XP level 11. HP: 58/72 MP: 15/23
 14318 | D:10     | Reached skill level 6 in Fighting
 14330 | D:10     | Reached skill level 5 in Stealth
 15262 | D:11     | Noticed Josephine
 15271 | D:11     | HP: 2/74 [Josephine/ghostly fireball (23)]
 15883 | D:11     | Offered knowledge of Throw Frost by Vehumet.
 15982 | D:11     | Reached skill level 7 in Fighting
 16537 | D:11     | Reached *** piety under Vehumet
 16762 | D:11     | Noticed Sonja
 16901 | D:11     | Learned a level 3 spell: Mephitic Cloud
 17415 | D:11     | Offered knowledge of Static Discharge by Vehumet.
 17753 | D:11     | Killed Sonja
 17800 | D:11     | Noticed a two-headed ogre
 17807 | D:11     | Killed a two-headed ogre
 17807 | D:11     | Reached XP level 12. HP: 82/82 MP: 13/25
 18188 | Lair:1   | Entered Level 1 of the Lair of Beasts
 18190 | Lair:1   | Reached skill level 10 in Spellcasting
 18370 | Lair:1   | Reached skill level 8 in Fighting
 18498 | Lair:1   | Noticed a five-headed hydra
 18504 | Lair:1   | Killed a five-headed hydra
 19279 | Lair:1   | Noticed Harold
 19526 | Lair:1   | Reached **** piety under Vehumet
 19557 | Lair:1   | Offered knowledge of Iskenderun's Battlesphere by Vehumet.
 20435 | Lair:2   | Found a staircase to the Shoals.
 20439 | Lair:2   | Noticed Fannar
 20443 | Lair:2   | Killed Fannar
 20455 | Lair:2   | Reached skill level 9 in Fighting
 20824 | Lair:2   | Noticed Gastronok
 22458 | Lair:2   | Killed Gastronok
 22458 | Lair:2   | Reached XP level 13. HP: 90/90 MP: 17/27
 23761 | Lair:3   | Reached skill level 10 in Fighting
 24453 | Lair:1   | Killed Harold
 24453 | Lair:1   | Reached skill level 10 in Dodging
 24883 | Lair:4   | Reached skill level 1 in Air Magic
 24958 | Lair:4   | Found a staircase to the Snake Pit.
 25569 | Lair:5   | Found a staircase to the Slime Pits.
 25570 | Lair:5   | Found a viscous altar of Jiyva.
 26096 | Lair:5   | Reached skill level 10 in Conjurations
 27295 | Lair:6   | Entered Level 6 of the Lair of Beasts
 27295 | Lair:6   | Noticed Rupert
 27416 | Lair:3   | Reached XP level 14. HP: 76/99 MP: 29/29
 27763 | Orc:1    | Entered Level 1 of the Orcish Mines
 28033 | D:12     | Learned a level 5 spell: Iskenderun's Battlesphere
 28092 | D:12     | Reached skill level 11 in Fighting
 28608 | D:12     | Reached ***** piety under Vehumet
 28623 | D:12     | Offered knowledge of Lee's Rapid Deconstruction by Vehumet.
 28857 | D:12     | Found Dusenoe's Jewellery Shop.
 28865 | D:12     | Bought a +3 ring of protection for 294 gold pieces
 29458 | D:12     | Found Git Putz's Serpentskin Sales.
 29506 | D:12     | Bought 7 curare-tipped needles for 67 gold pieces
 29821 | D:13     | Reached skill level 5 in Air Magic
 30487 | D:14     | Found a gate to the Vaults.
 31275 | D:13     | Offered knowledge of Throw Icicle by Vehumet.
 31704 | D:14     | Learned a level 6 spell: Deflect Missiles
 31804 | D:13     | Reached skill level 12 in Fighting
 31912 | D:14     | Reached skill level 1 in Charms
 32113 | D:14     | Noticed a frost giant
 32832 | D:14     | Reached XP level 15. HP: 108/108 MP: 29/30
 34173 | D:14     | Killed a frost giant
 34488 | D:14     | Noticed a storm dragon
 34685 | D:14     | Killed a storm dragon
 35442 | D:14     | Found a runed door.
 35524 | D:14     | Found a glowing golden altar of the Shining One.
 35877 | D:14     | Found Utsuar's Armour Boutique.
 35917 | D:14     | You fall through a shaft!
 35917 | D:15     | Entered Level 15 of the Dungeon
 36297 | D:15     | Reached skill level 13 in Fighting
 36717 | D:15     | Noticed Louise
 36724 | D:15     | Killed Louise
 36968 | D:15     | Learned a level 4 spell: Throw Icicle
 37753 | D:15     | Reached XP level 16. HP: 117/117 MP: 31/31
 38897 | D:15     | Found a staircase to the Depths.
 38939 | D:15     | Reached XP level 17. HP: 124/124 MP: 28/32
 39447 | Shoals:1 | Entered Level 1 of the Shoals
 39451 | Shoals:1 | Offered knowledge of Bolt of Magma by Vehumet.
 39461 | Shoals:1 | Reached skill level 14 in Fighting
 40029 | Shoals:1 | Found Puqodopo's Antique Weapon Shoppe.
 40043 | Shoals:1 | Reached skill level 5 in Charms
 42861 | Shoals:3 | Reached skill level 15 in Fighting
 43004 | Shoals:3 | Reached skill level 10 in Fire Magic
 43316 | Shoals:3 | Found Ciusun's Antique Armour Shoppe.
 43690 | Shoals:4 | Entered Level 4 of the Shoals
 43696 | Shoals:4 | Noticed Ilsuiw
 43697 | Shoals:4 | Offered knowledge of Irradiate by Vehumet.
 43972 | Shoals:4 | Killed from afar by a wind drake

Vault maps used:
D:1:      minmay_arrival_semitransparent, minmay_misc_feat_hallway
D:2:      first_bread, elyvilon_altar_4, uniq_sigmund
D:3:      serial_forest, infiniplex_forest_end_2,
          infiniplex_forest_clump_medium, infiniplex_forest_lined_2,
          infiniplex_forest_lined_room_2, infiniplex_forest_straight_3,
          infiniplex_forest_lined_4_way, infiniplex_forest_lined_3,
          minmay_randomly_rotated_circles, uniq_terence, uniq_natasha
D:4:      kennysheep_mini
D:5:      nemelex_xobeh_ov_fountains_minmay
D:6:      cheibrodos_worm_habitat
D:7:      dancing_weapons_uskayaw, lemuel_mausoleum_altar_kikubaaqudgha,
          lemuel_doored_altar, minmay_temple_entry_mist, amethyst_killhole,
          the_bakery
D:8:      cheibrodos_shockbox, nicolae_qazlal_style_of_elements,
          yredelemnul_altar_generic, david_lair_shrubbed, uniq_grum
D:9:      old_standard_altar, lemuel_round_altar, fedhas_altar_2, serial_shops,
          nicolae_shop_temple_entry_statues_fountains
D:10:     david_orc_2, st_stairs_8
D:11:     uniq_sonja, uniq_josephine
D:12:     serial_shops, shop, guppyfry_shop_venom
D:13:     hangedman_decor_growths, minmay_door_square
D:14:     minmay_guarded_unrand_sword_of_power, david_vaults_3, tso_metal_star,
          serial_shops, shop, nicolae_wwwww, minmay_st_funbox
D:15:     gammafunk_enter_depths_forms, serial_park_avenue1, minmay_librarian,
          uniq_louise
Temple:   bh_familiar_temple
Lair:1:   lemuel_slime, serial_bayou_shore_b, lemuel_fruit_tree, uniq_harold
Lair:2:   elwin_shoals_entry_rocks, uniq_gastronok, uniq_fannar
Lair:3:   infiniplex_staircase_pool_2
Lair:4:   pond_and_an_island_with_a_cottage, minmay_snake_entry_guardpost_medium
Lair:5:   slime_altar_1, serial_bayou_shore_b, minmay_lair_oklob_chamber,
          wad_woods_river_01, serial_bayou_shore_b, grunt_megastairs_5
Lair:6:   minmay_lair_end_frog_pond, basic_altar, uniq_rupert
Shoals:1: serial_shops, shop
Shoals:3: nicolae_shoals_c_island
Shoals:4: shoals_end_grunt_ice, shoals_ilsuiw_alternative,
          portal_ice_cave_entry_ice_statue_one
Orc:1:    uniq_maurice, uniq_urug

Skill      XL: |  1  2  3  4  5  6  7  8  9 10 11 12 13 14 15 16 17 |
---------------+----------------------------------------------------+-----
Conjurations   | 2 3 4 5 6 7 9 10 11 12 | 12.5
Shields        | 1 2 3 4 |  4.7
Spellcasting   | 3 4 5 6 7 8 9 10 11 | 11.9
Fire Magic     | 4 5 6 8 10 | 10.1
Fighting       | 3 5 7 9 10 12 13 15 | 15.3
Dodging        | 3 6 8 9 10 11 | 11.7
Stealth        | 4 6 |  6.8
Air Magic      | 3 7 9 |  9.0
Charms         | 3 4 6 |  6.8

Action                   |  1- 3 |  4- 6 |  7- 9 | 10-12 | 13-15 | 16-18 || total
-------------------------+-------+-------+-------+-------+-------+-------++-------
Melee: Unarmed           |     6 |       |       |       |       |       ||     6
       Constrict         |     5 |     9 |     5 |     5 |    13 |     5 ||    42
       Tentacles         |     5 |     7 |     5 |     9 |    15 |     3 ||    44
       Dagger            |    10 |    26 |    25 |    58 |    54 |    33 ||   206
 Fire: Blowgun           |       |       |       |     9 |     5 |       ||    14
 Cast: Flame Tongue      |    44 |    90 |   243 |   421 |   189 |    11 ||   998
       Throw Flame       |     2 |     4 |    16 |   143 |   377 |   144 ||   686
       Sticky Flame      |       |     1 |    26 |    54 |    79 |    22 ||   182
       Conjure Flame     |       |     1 |     3 |    23 |     5 |       ||    32
       Fireball          |       |       |       |    51 |   174 |   169 ||   394
       Mephitic Cloud    |       |       |       |     4 |    23 |       ||    27
       Iskenderun's Batt |       |       |       |       |     6 |       ||     6
       Throw Icicle      |       |       |       |       |    13 |     1 ||    14
  Use: Potion            |       |     1 |       |       |     1 |     2 ||     4
       Scroll            |       |       |       |    17 |    15 |     8 ||    40
 Stab: Sleeping          |     2 |       |     1 |       |       |     2 ||     5
       Confused          |       |       |       |       |     1 |       ||     1
  Eat: Chunk             |     3 |     9 |    16 |    49 |    47 |    16 ||   140
       Royal jelly       |       |       |     4 |       |       |       ||     4
Armor: Skin              |     2 |     7 |     3 |     3 |    18 |    14 ||    47
Dodge: Dodged            |    18 |    50 |    68 |   119 |   145 |    81 ||   481
Block: Buckler           |       |    15 |    16 |    41 |    70 |    33 ||   175
